AoeStats
← TenienteDAN

Arabia

508817618Analyzed
1v1 RM · 7d ago on Sep 24, 2026· 61m 13s· 2 players
Game mode
Random Map
Map size
Tiny (2 player)
Population
200
Speed
Normal
Resources
Standard
Victory
Conquest
Starting age
Dark Age
Ending age
Imperial Age
RankedLock teamsTeams togetherTeam positionsShared explorationLock speedFull tech treeHidden civsTurbo modeCheats
Victory
Defeat
🇨🇳 Saracens · China
1146
+14
🇦🇷 Malay · Argentina
1106
-14
TenienteDAN
9:34 Feudal Age
9:56 Double-Bit Axe
12:03 Loom
20:36 Castle Age
20:45 Scale Barding Armor
20:51 Forging
20:36 Gold Mining
20:28 Horse Collar
21:45 Husbandry
23:05 Iron Casting
26:09 Bow Saw
33:22 Imperial Age
31:59 Heavy Plow
32:27 Sanctity
33:53 Blast Furnace
33:02 Elite Battle Elephant
34:37 Block Printing
35:03 Illumination
34:36 Town Watch
35:29 Wheelbarrow
35:09 Fletching
36:09 Atonement
36:49 Town Patrol
41:02 Bodkin Arrow
44:06 Hand Cart
44:57 Chemistry
44:19 Ballistics
44:10 Masonry
44:28 Heavy Scorpion
51:00 Bracer
51:00 Padded Archer Armor
51:41 Thumb Ring
52:44 Gold Shaft Mining
52:00 Stone Mining
55:57 Leather Archer Armor
56:24 Guard Tower
58:04 Pikeman
58:44 Squires
59:37 Ring Archer Armor
xxxx
9:49 Feudal Age
8:04 Loom
20:02 Castle Age
18:15 Double-Bit Axe
18:59 Horse Collar
19:42 Forging
19:43 Gold Mining
20:44 Bloodlines
24:25 Iron Casting
26:11 Fletching
26:29 Scale Barding Armor
26:38 Fletching
27:08 Padded Archer Armor
26:36 Elite Skirmisher
28:44 Bodkin Arrow
32:37 Wheelbarrow
31:48 Town Watch
37:08 Imperial Age
36:29 Sanctity
37:47 Devotion
39:40 Hand Cart
39:26 Town Patrol
39:42 Pikeman
40:22 Squires
41:29 Arson
49:33 Conscription
49:56 Scale Mail Armor
50:19 Chain Barding Armor
50:20 Husbandry
49:41 Light Cavalry
52:46 Blast Furnace
52:03 Chain Mail Armor
52:52 Bow Saw
56:29 Plate Mail Armor
Connection lost

Rejoining the realm…

Still unreachable

The connection could not be restored.

Session expired

The server has moved on; the page needs a fresh start.